 Dungeon Crawl Stone Soup version 0.27.1-33-g824d729ab1 (webtiles) character file.

Game seed: 14468866632182668279

13355 pkoi the Grappler (level 11, -2/88 HPs)
             Began as a Red Draconian Gladiator on Dec 21, 2021.
             Was an Elder of Lugonu.
             Slain by a yak (12 damage)
             ... on level 8 of the Dungeon.
             The game lasted 00:21:08 (17811 turns).

pkoi the Grappler (Red Draconian Gladiator)        Turns: 17811, Time: 00:21:09

Health: -2/88      AC: 13    Str: 16    XL:     11   Next: 74%
Magic:  26/26      EV: 13    Int: 12    God:    Lugonu [****..]
Gold:   627        SH:  0    Dex:  8    Spells: 15/18 levels left

rFire    + + .     SeeInvis .     - Unarmed
rCold    . . .     Faith    .   (no shield)
rNeg     + + .     Spirit   .   (armour unavailable)
rPois    +         Reflect  .   a - +1 hat
rElec    .         Harm     .   B - +0 cloak {rPois}
rCorr    +         Rampage  .   c - +0 pair of gloves
Will     .....                  f - +2 pair of boots
Stlth    +.........             (no amulet)
HPRegen  0.24/turn              q - ring of resist corrosion
MPRegen  0.20/turn              h - ring "Zuorul" {rPois rF+ rN++ MP+9 Dex-5}

@: about to teleport
A: breathe fire, AC +7, unfitting armour, fire resistance 1, cold-blooded
a: Breathe Fire, Renounce Religion, Depart the Abyss, Bend Space, Banish,
Corrupt


You were on level 8 of the Dungeon.
You worshipped Lugonu.
Lugonu was greatly pleased with you.
You visited 3 branches of the dungeon, and saw 12 of its levels.

You collected 746 gold pieces.
You spent 119 gold pieces at shops.

Inventory:

Hand Weapons
 i - a +0 quarterstaff
Missiles
 b - 3 throwing nets
 g - 6 curare-tipped darts
 n - 36 poisoned darts (quivered)
 p - 20 boomerangs
Armour
 a - a +1 hat (worn)
 c - a +0 pair of gloves (worn)
 f - a +2 pair of boots (worn)
 B - a +0 cloak of poison resistance (worn)
Jewellery
 h - the ring "Zuorul" (right hand) {rPois rF+ rN++ MP+9 Dex-5}
   (You took it off a kobold on level 9 of the Dungeon)

   [ring of protection from fire]

   Dex:       It affects your dexterity (-5).
   rF:        It protects you from fire.
   rPois:     It protects you from poison.
   rN:        It greatly protects you from negative energy.
   MP:        It affects your magic capacity (+9).
 q - a ring of resist corrosion (left hand)
 t - a ring of poison resistance
Wands
 j - a wand of polymorph (6)
 y - a wand of iceblast (26)
 A - a wand of flame (54)
Scrolls
 d - 2 scrolls of blinking
 e - 2 scrolls of magic mapping
 l - 2 scrolls of holy word
 o - 3 scrolls of fog
 u - 3 scrolls of identify
 w - a scroll of fear
 z - a scroll of enchant armour
Potions
 k - a potion of attraction {unknown}
 m - 6 potions of curing
 r - 5 potions of brilliance
 s - a potion of might
 v - a potion of heal wounds
 x - a potion of berserk rage


   Skills:
 + Level 5.6 Fighting
 - Level 1.7 Throwing
 + Level 5.2 Dodging
 * Level 13.4 Unarmed Combat
 + Level 4.1 Spellcasting
 + Level 4.4 Conjurations
 + Level 5.3 Fire Magic
 - Level 9.0 Invocations


You had 15 spell levels left.
You knew the following spells:

 Your Spells              Type           Power      Damage    Failure   Level
a - Conjure Flame         Conj/Fire      14%        6-21      9%          3

Your spell library contained the following spells:

 Spells                   Type           Power      Damage    Failure   Level
 Corona                   Hex            2%         N/A       22%         1
 Sticky Flame             Conj/Fire      14%        2d4       28%         4
 Ignite Poison            Fire/Tmut/Pois 6%         N/A       30%         3
 Ensorcelled Hibernation  Hex/Ice        4%         N/A       32%         2
 Slow                     Hex            2%         N/A       32%         2
 Confusing Touch          Hex            2%         N/A       54%         3
 Gell's Gravitas          Tloc           1%         N/A       54%         3
 Lesser Beckoning         Tloc           1%         N/A       54%         3
 Teleport Other           Tloc           2%         N/A       54%         3
 Tukima's Dance           Hex            2%         N/A       54%         3
 Vampiric Draining        Necr           1%         2d6       54%         3
 Summon Lightning Spire   Summ/Air       2%         N/A       91%         4
 Storm Form               Tmut/Air       1%         N/A       100%        7
 Maxwell's Capacitive Co  Air            1%         ∞         100%        8


Dungeon Overview and Level Annotations

Branches:
Dungeon (10/15)            Temple (1/1) D:7            Lair (1/6) D:8
    Orc: D:9-12

Altars:
Ashenzari
Cheibriados
Dithmenos
Elyvilon
Fedhas
Gozag
Hepliaklqana
Kikubaaqudgha
Makhleb
Nemelex Xobeh
Okawaru
Qazlal
Ru
Sif Muna
Trog
Uskayaw
Vehumet
Wu Jian
Xom
Yredelemnul
Zin
The Shining One
Lugonu

Shops:
D:7 *   D:10 :

Annotations:
D:9 2 transporters, exclusion: ice statue, pkoi's ghost, novice DrMo


Innate Abilities, Weirdness & Mutations

You can breathe blasts of fire.
Your fiery red scales are hard. (AC +7)
You cannot fit into any form of body armour.
Your flesh is heat resistant. (rF+)
You are cold-blooded and may be slowed by cold attacks.


Message History

The yak gores you!
* * * LOW HITPOINT WARNING * * *
The yak misses you.
You hit the yak but do no damage.
Your tail-slap misses the yak.
The yak is moderately wounded.
The yak gores you.
* * * LOW HITPOINT WARNING * * *
The yak gores you!
* * * LOW HITPOINT WARNING * * *
You barely miss the yak.
The yak is moderately wounded.
The yak closely misses you.
Unknown command.
As you read the scroll of teleportation, it crumbles to dust.
You feel strangely unstable.
The blink frog hits something!
The blink frog blinks!
The yak barely misses you. The yak misses you.
You closely miss the yak.
The yak is moderately wounded.
The yak gores you but does no damage. The yak gores you!
* * * LOW HITPOINT WARNING * * *
Unknown command.
You hit the yak.
You tail-slap the yak, but do no damage.
The yak is moderately wounded.
The yak gores you.
* * * LOW HITPOINT WARNING * * *
Unknown command.
You barely miss the yak.
The yak is moderately wounded.
The yak closely misses you.
The blink frog hits something.
The blink frog blinks!
Unknown command.
You punch the yak!
The yak is heavily wounded.
The yak barely misses you. The yak gores you but does no damage.
Unknown command.
You hit the yak.
The yak is severely wounded.
The yak gores you!
You die...

.........#..............'........
.........#..............#........
####...###..............####'####
.###)..#.........P...##..........
......)#.....P........#..........
.....÷.'!...........P.#..........
.##....#...........P.P...[.......
.###'###....P.####..P...###)[....
)......#.....P#Y@#......# #.....)
.......#..P...'Y.#...P..# #......
.......#......####P....## #......
.......#............P..# #......
.......#...........P..#####......
.......#.<.P......P...##..####'##
.......#.......P.....##.........#
.......#....#......#####........#
.#######....###.####..##..##....#


You could see 2 yaks.

Vanquished Creatures
  3 two-headed ogres
  Pikel (D:7)
  2 black mambas (Lair:1)
  A rime drake (Lair:1)
  2 kobold demonologists (D:10)
  2 komodo dragons
  3 hornets
  2 blink frogs (D:8)
  A troll (D:7)
  A shadow (D:10)
  3 wyverns
  14 yaks
  2 acid dragons
  2 water moccasins
  4 black bears
  7 orc warriors
  2 necrophages
  A sky beast (D:5)
  6 ogres
  5 centaurs
  4 lemures (Temple)
  6 bullfrogs
  7 kobold brigands
  4 scorpions
  2 killer bees (D:9)
  4 wights (D:9)
  8 howler monkeys
  A bullfrog zombie (D:6)
  3 centaur zombies
  2 centaur skeletons
  3 orc priests
  A gnoll shaman (D:4)
  2 jellies (D:8)
  2 iguanas
  An orc wizard (D:8)
  A hound skeleton (D:4)
  3 howler monkey zombies
  5 gnolls
  6 adders
  2 shadow imps (D:6)
  2 white imps
  An ufetubus (D:5)
  A worm (D:2)
  A dart slug (D:3)
  15 orcs
  6 ball pythons
  8 bats
  8 endoplasms
  2 giant cockroaches
  7 goblins
  10 hobgoblins
  28 kobolds
  5 quokkas
  A frilled lizard (D:2)
  5 rats
231 creatures vanquished.

Vanquished Creatures (others)
  An orc (D:6)
  21 fungi
  17 plants
39 creatures vanquished.

Grand Total: 270 creatures vanquished

Notes
Turn   | Place    | Note
-------+----------+-------------------------------------------
     0 | D:1      | pkoi the Draconian Gladiator began the quest for the Orb.
     0 | D:1      | Reached XP level 1. HP: 17/17 MP: 1/1
   239 | D:1      | Reached XP level 2. HP: 16/24 MP: 2/2
   439 | D:1      | Found a faded altar of an unknown god.
   866 | D:1      | Became a worshipper of Lugonu the Unformed
   866 | D:1      | Reached * piety under Lugonu
   866 | D:1      | Reached ** piety under Lugonu
  1013 | D:2      | Reached skill level 4 in Unarmed Combat
  1334 | D:2      | Reached XP level 3. HP: 29/29 MP: 3/3
  1484 | D:2      | Reached skill level 1 in Invocations
  1996 | D:3      | Found a sacrificial altar of Ru.
  2137 | D:3      | Reached XP level 4. HP: 36/36 MP: 5/5
  2389 | D:3      | Found a stormy altar of Qazlal.
  2408 | D:3      | Noticed a scorpion
  2420 | D:3      | Killed a scorpion
  2421 | D:3      | Reached skill level 5 in Unarmed Combat
  2421 | D:3      | Reached XP level 5. HP: 25/41 MP: 6/6
  3106 | D:3      | Noticed a water moccasin
  3136 | D:3      | Killed a water moccasin
  3141 | D:3      | Reached skill level 6 in Unarmed Combat
  3141 | D:3      | Reached XP level 6. HP: 31/48 MP: 6/8
  3630 | D:3      | Reached *** piety under Lugonu
  3733 | D:4      | Found a sparkling altar of Nemelex Xobeh.
  4955 | D:4      | Found a hazy altar of Hepliaklqana.
  4955 | D:4      | Found an ornate altar of the Wu Jian Council.
  5000 | D:5      | Entered Level 5 of the Dungeon
  5027 | D:5      | Noticed a sky beast
  5043 | D:5      | Killed a sky beast
  5044 | D:5      | Reached skill level 7 in Unarmed Combat
  5044 | D:5      | Your scales start taking on a fiery red colour.
  5044 | D:5      | Reached XP level 7. HP: 39/55 MP: 8/10
  5044 | D:5      | Gained mutation: Your flesh is heat resistant. (rF+) [Red
                  | Draconian growth]
  5748 | D:5      | Noticed a yak
  5748 | D:5      | Noticed a yak
  5749 | D:5      | Noticed a yak
  5771 | D:5      | Killed a yak
  5772 | D:5      | Reached skill level 8 in Unarmed Combat
  5772 | D:5      | Reached skill level 5 in Invocations
  5775 | D:5      | Killed a yak
  5776 | D:5      | Reached XP level 8. HP: 45/61 MP: 10/12
  6461 | D:5      | Reached skill level 9 in Unarmed Combat
  6509 | D:5      | Found a shadowy altar of Dithmenos.
  6524 | D:5      | Learned a level 3 spell: Conjure Flame
  7952 | D:6      | Reached skill level 10 in Unarmed Combat
  8328 | D:6      | Reached XP level 9. HP: 67/67 MP: 14/14
  8688 | D:7      | Found Dithef's Neck Hole.
  8694 | D:7      | Bought a +0 cloak of poison resistance for 119 gold pieces
  9048 | D:7      | Found a staircase to the Ecumenical Temple.
  9388 | D:7      | Noticed Pikel
  9398 | Temple   | Entered the Ecumenical Temple
  9726 | D:7      | Killed Pikel
  9727 | D:7      | Reached skill level 11 in Unarmed Combat
 10473 | D:8      | Noticed a komodo dragon
 10483 | D:8      | Killed a komodo dragon
 10779 | D:8      | Reached skill level 12 in Unarmed Combat
 10779 | D:8      | Reached XP level 10. HP: 63/72 MP: 16/16
 10907 | D:8      | Found a staircase to the Lair.
 11030 | D:8      | Reached skill level 1 in Fire Magic
 11209 | D:8      | Reached skill level 1 in Conjurations
 11534 | D:9      | Noticed a two-headed ogre
 11542 | D:8      | Reached skill level 1 in Spellcasting
 11658 | D:9      | Killed a two-headed ogre
 11944 | D:9      | Noticed a two-headed ogre
 11960 | D:7      | Killed a two-headed ogre
 12461 | D:9      | Noticed a two-headed ogre
 12468 | D:9      | Killed a two-headed ogre
 12468 | D:9      | Reached **** piety under Lugonu
 12862 | D:9      | Reached XP level 11. HP: 61/84 MP: 17/17
 13430 | D:9      | Found a transporter.
 13437 | D:9      | Found the +18 shield of the Gong {rElec rN+ Will+ EV-5}
 13454 | D:9      | Noticed pkoi's ghost (novice DrMo)
 13643 | D:9      | Identified the ring "Zuorul" {rPois rF+ rN++ MP+9 Dex-5}
 13657 | D:9      | Reached skill level 13 in Unarmed Combat
 13866 | D:9      | Noticed a skeletal warrior
 13955 | D:9      | Found a glowing silver altar of Zin.
 14191 | D:9      | Found a radiant altar of Vehumet.
 14218 | D:9      | Found a transporter.
 14703 | D:10     | Entered Level 10 of the Dungeon
 15489 | D:10     | Found Eggiud's Book Shoppe.
 15642 | D:10     | Found a bloodstained altar of Trog.
 15643 | D:10     | Found an iron altar of Okawaru.
 15650 | D:10     | Reached skill level 5 in Fighting
 15807 | D:10     | Noticed a sixfirhy
 16391 | Lair:1   | Entered Level 1 of the Lair of Beasts
 16616 | Lair:1   | Reached skill level 5 in Fire Magic
 16755 | Lair:1   | Reached skill level 5 in Dodging
 17811 | D:8      | Slain by a yak

Illustrated notes

Levels and vault maps discovered:
D:1:      dpeg_arrival_shelter, layout_basic,
          hellmonk_ecumenical_altar_lost_god, bh_walls_and_bars
D:2:      layout_basic, minmay_tromino_v4_b
D:3:      wad_crossroads, layout_basic, overflow_temple_1_default,
          mainiacjoe_overflow_six_doors_small, serial_bayou,
          serial_bayou_lagoon_a, serial_bayou_shore_b, serial_bayou_shore_a,
          serial_bayou_lagoon_b, amcnicky_mini_rare_corridor_liquid,
          minmay_divided_ellipse
D:4:      layout_basic, lemuel_doored_altar, gammafunk_temple_overflow_wave
D:5:      black_bear_nest_2, layout_rooms, mainiacjoe_overflow_small_starburst
D:6:      layout_loops_corners, skrybe_limestone_x, minmay_fractal_squares_5
D:7:      layout_gridville, minmay_temple_entry_proselytizer,
          nicolae_shop_sticking_my_neck_out, uniq_pikel
D:8:      layout_gridville, grunt_lair_entry_orc_guard_hut
D:9:      minmay_four_partial_circles, layout_basic, vehumet_altar_wand_db,
          zin_treasury, nzn_ghost_randoct
D:10:     layout_gridville, grunt_temple_overflow_bloody_war, serial_shops,
          kennysheep_little_box
Temple:   hc_temple_tempest_star
Lair:1:   layout_cave_pods, grunt_megastairs_1, infiniplex_staircase_pool,
          uniq_urug, uniq_joseph

Skill      XL: |  1  2  3  4  5  6  7  8  9 10 11 |
---------------+----------------------------------+-----
Unarmed Combat | 4 5 6 7 8 10 12 13 | 13.4
Invocations    | 1 2 3 4 5 7 8 9 |  9.0
Fire Magic     | 3 5 |  5.3
Conjurations   | 3 4 |  4.4
Dodging        | 4 5 |  5.2
Spellcasting   | 2 4 |  4.1
Fighting       | 4 5 |  5.6
Throwing       | |  1.7

Action                   |  1- 3 |  4- 6 |  7- 9 | 10-12 || total
-------------------------+-------+-------+-------+-------++-------
Melee: Unarmed           |   139 |   151 |   293 |   431 ||  1014
       Tailslap          |    18 |    20 |    38 |    54 ||   130
       Punch             |     2 |     2 |     8 |    22 ||    34
Throw: Dart              |       |       |    12 |       ||    12
 Abil: Breathe Fire      |       |       |    10 |    18 ||    28
  Use: Potion            |       |     3 |       |     2 ||     5
       Scroll            |       |       |    10 |     7 ||    17
 Stab: Sleeping          |     3 |     4 |     1 |       ||     8
Armor: Skin              |    52 |    59 |   100 |   195 ||   406
Dodge: Dodged            |   104 |   112 |   168 |   307 ||   691
